 Dungeon Crawl Stone Soup version 0.32-a0-918-g0f22ef8d61 (webtiles) character file.

Game seed: 5058948034677458734

121 ezpacito the Trooper (level 5, -3/41 HPs)
             Began as a Coglin Chaos Knight on Apr 11, 2024.
             Was a Plaything of Xom.
             Slain by an orc
             ... wielding a +0 falchion
              (6 damage)
             ... on level 3 of the Dungeon.
             The game lasted 00:01:17 (917 turns).

ezpacito the Trooper (Coglin Chaos Knight)           Turns: 917, Time: 00:01:18

Health: -3/41      AC:  5    Str: 14    XL:     5   Next: 5%
Magic:  5/5        EV: 10    Int: 11    God:    Xom [..*...]
Gold:   51         SH:  0    Dex: 14    Spells: 5/5 levels left

rFire   . . .        a - +0 hand axe (chaos) {Ælfthryth}
rCold   . . .        g - +0 dagger {Appia}
rNeg    . . .        b - +2 leather armour
rPois   .            (no helmet)
rElec   .            (no cloak)
rCorr   .            (no gloves)
SInv    .            (no boots)
Will    .....        (amulet unavailable)
Stlth   +            (ring unavailable)
HPRegen 0.26/turn    (ring unavailable)
MPRegen 0.09/turn    (no gizmo)

%: no passive effects
@: mighty, revved
A: off-hand wielding, slow wielding, warmup strikes, no jewellery
a: Invent Gizmo, Renounce Religion


You were on level 3 of the Dungeon.
You worshipped Xom.
You were a toy of Xom.
You visited 1 branch of the dungeon, and saw 3 of its levels.

You collected 51 gold pieces.

Inventory:

Hand Weapons
 a - a +0 hand axe of chaos (weapon) {Ælfthryth}
 g - a +0 dagger (offhand) {Appia}
Armour
 b - a +2 leather armour (worn)
 f - a +0 cloak
Wands
 p - a wand of iceblast (8)
Scrolls
 e - 2 scrolls of identify {unknown}
 i - a scroll of brand weapon {unknown}
 k - 2 scrolls of fear {unknown}
 l - a scroll of immolation {unknown}
 n - a scroll of blinking {unknown}
 o - a scroll of teleportation {unknown}
Potions
 d - 2 potions of might
 j - a potion of brilliance {unknown}
 m - 2 potions of ambrosia {unknown}
 q - 2 potions of curing


   Skills:
 * Level 3.6 Fighting
 * Level 3.3(3.6) Axes
 * Level 1.5(2.5) Polearms
 * Level 2.4 Armour
 * Level 1.4 Dodging
 + Level 1.1 Stealth
 + Level 0.5 Spellcasting
 + Level 0.4 Evocations


You had 5 spell levels left.
You didn't know any spells.
Your spell library contained the following spells:

 Spells                   Type           Power      Damage    Failure   Level
 Sigil of Binding         Hex            0%         N/A       77%         3
 Death Channel            Necr           0%         N/A       100%        6
 Sculpt Simulacrum        Ice/Alch       0%         N/A       100%        6


Dungeon Overview and Level Annotations

Branches:
Dungeon (3/15)

Altars:


Innate Abilities, Weirdness & Mutations

You can wield a second weapon in your off-hand.
It takes a long time for you to wield or remove held weapons.
Your first few attacks do less damage.
You cannot equip rings or amulets.


Message History

The adder bites you.
You are poisoned.
The adder poisons you!
You take 2 damage, and have 12/35 hp.
You slash the orc priest with your +0 hand axe of chaos!
You kill the orc priest!
You slash the adder with your +0 hand axe of chaos!
You hit the orc with your +0 hand axe of chaos.
The orc convulses.
You feel sick. The orc hits you but does no damage.
The adder closely misses you.
The gnoll hits your butterfly with a +0 spear!
Your butterfly dies!
Your butterfly disappears in a burst of colours!
You have reached level 5!
You regained 2 hp, and now have 14/41 hp.
MP restored: 5 It was a potion of curing.
You feel better.
q - 2 potions of curing The rat bites you but does no damage.
The orc hits you with a +0 club. The adder closely misses you.
You regained 8 hp, and now have 22/41 hp.
You barely miss the rat with your +0 dagger.
You closely miss the rat with your +0 hand axe of chaos.
You slash the orc with your +0 hand axe of chaos!
You kill the orc!
You hit the adder with your +0 hand axe of chaos.
You freeze the adder. The adder bites you. The rat closely misses you.
You take 3 damage, and have 19/41 hp.
You hit the adder with your +0 hand axe of chaos.
You freeze the adder.
You kill the adder!
You barely miss the orc with your +0 hand axe of chaos.
You hit the rat with your +0 hand axe of chaos.
You kill the rat!
The orc priest invokes the aid of Beogh against you.
Beogh smites you!
* * * LOW HITPOINT WARNING * * *
The orc hits you with a +0 falchion.
You die...
Xom thinks this is hilarious!

#.# #########..#
#..........#
#.......<..#
.#..........# #
............# .###
............###..?.
#....##.#####..b#..
........oo@JJgbb.b.
....##..###g.bbbb..
.# .....# #)bbb.b..
.......#.[.bbbbbb#
......b.J##bbb.bb.
[.......b .bb...#
.......b ...b..#
.......# ......#
.... ......#


You could see an orc priest, a gnoll (ally target), an orc, 2 endoplasms and a
hobgoblin.

Vanquished Creatures
  An orc priest (D:3)
  2 gnolls (D:3)
  3 adders
  2 dart slugs (D:1)
  2 orcs (D:3)
  3 ball pythons
  5 endoplasms
  2 giant cockroaches
  2 goblins (D:1)
  4 hobgoblins
  4 quokkas
  9 bats
  2 frilled lizards (D:2)
  2 kobolds
  5 rats
48 creatures vanquished.

Vanquished Creatures (collateral kills)
  A quokka (D:1)
1 creature vanquished.

Vanquished Creatures (others)
  An endoplasm (D:2)
1 creature vanquished.

Grand Total: 50 creatures vanquished

Notes
Turn   | Place    | Note
-------+----------+-------------------------------------------
     0 | D:1      | ezpacito the Coglin Chaos Knight began the quest for the
                  | Orb.
     0 | D:1      | Reached XP level 1. HP: 18/18 MP: 1/1
    40 | D:1      | XOM: divination: detect items
    63 | D:1      | Reached skill level 1 in Dodging
    79 | D:1      | XOM: potion effect (brilliance)
    83 | D:1      | Reached XP level 2. HP: 24/24 MP: 2/2
   341 | D:1      | Reached XP level 3. HP: 27/29 MP: 3/3
   520 | D:2      | Reached skill level 1 in Polearms
   896 | D:3      | XOM: noise
   898 | D:3      | Reached XP level 4. HP: 27/35 MP: 4/4
   903 | D:3      | Reached skill level 1 in Stealth
   915 | D:3      | Reached XP level 5. HP: 14/41 MP: 5/5
   917 | D:3      | Slain by an orc

Illustrated notes

Levels and vault maps discovered:
D:1:      lemuel_arrival_broad_hall, layout_basic, nrook_mini_backslash,
          hangedman_decor_lopped
D:2:      layout_rooms
D:3:      layout_rooms, uniq_grinder

Skill      XL: |  1  2  3  4 |
---------------+-------------+-----
Dodging        | 1 |  1.4
Armour         | 2 |  2.4
Polearms       | 1 |  1.5
Stealth        | 1 |  1.1
Fighting       | |  3.6
Axes           | |  3.3
Spellcasting   | |  0.5
Evocations     | |  0.4

Action                     |  1- 3 |  4- 6 || total
---------------------------+-------+-------++-------
  Melee: Hand axe          |    78 |    14 ||    92
         Dagger            |    73 |    12 ||    85
    Use: Potion            |       |     2 ||     2
         Scroll            |       |     1 ||     1
   Stab: Distracted        |     1 |       ||     1
         Confused          |     1 |       ||     1
         Sleeping          |     1 |       ||     1
         Paralysed         |       |     2 ||     2
 Armour: Leather armour    |    49 |    23 ||    72
  Dodge: Dodged            |    61 |    18 ||    79

Table legend: (Time is in decaauts)
 A = Elapsed time spent in this place.
 B = Non-inter-level travel time spent in this place.
 C = Inter-level travel time spent in this place.
 D = Time resting spent in this place.
 E = Time spent auto-exploring this place.
 F = Levels seen in this place.
 G = Mean time per level.
                   A        B        C        D        E       F      G
               +--------+--------+--------+--------+--------+-----+--------+
         Total |    923 |    883 |     40 |      0 |    630 |   3 |  307.7 |
       Dungeon |    923 |    883 |     40 |      0 |    630 |   3 |  307.7 |
               +--------+--------+--------+--------+--------+-----+--------+

Top non-repeatable levels by time:
     D:1: 517 daAuts
     D:2: 372 daAuts
     D:3: 33 daAuts
